TOP OF THE 1ST |
Santa Fe Diablos batting - Pitching for Beaumont Roughnecks : RHP Jim Fitzgerald
|
Pitching: RHP Jim Fitzgerald
|
|
Batting: LHB David Hernández
|
0-0: Ball 1-0: Swinging Strike 1-1: Foul Ball, location: 2F 1-2: Hit by Pitch
|
Batting: RHB John Dinkins
|
0-0: Called Strike 0-1: Ball 1-1: Ball 2-1: Ball 3-1: Grounds into double play, 4-6-3 (Groundball, 4D)
|
Batting: SHB George Adams
|
0-0: Called Strike 0-1: Swinging Strike 0-2: Ball 1-2: Ball 2-2: Strikes out looking
|
Top of the 1st over - 0 run(s), 0 hit(s), 0 error(s), 0 left on base; Santa Fe 0 - Beaumont 0 |
BOTTOM OF THE 1ST |
Beaumont Roughnecks batting - Pitching for Santa Fe Diablos : RHP Christian Camden
|
Pitching: RHP Christian Camden
|
|
Batting: LHB Tony Rivera
|
0-0: Called Strike 0-1: Ball 1-1: Ball 2-1: Ball 3-1: Foul Ball, location: 2F 3-2: Base on Balls
|
Batting: RHB Darwin Crane
|
0-0: Ball 1-0: SINGLE (Line Drive, 7S) Tony Rivera to second
|
Batting: LHB Cam Flowers
|
0-0: SINGLE (Line Drive, 4M) Tony Rivera to third Darwin Crane to second
|
Batting: RHB Anthony Hezell
|
0-0: Foul Ball, location: 2F 0-1: SINGLE (Groundball, 25) (infield hit) Tony Rivera scores Darwin Crane to third Cam Flowers to second
|
Batting: LHB Bernardo Morales
|
0-0: Foul Ball, location: 2F 0-1: Ball 1-1: Fly out, F7 (Flyball, 7) Runner from 3rd tags up, SCORES, throw made
|
Batting: LHB Enrique Cruz
|
0-0: Ball 1-0: Called Strike 1-1: Foul Ball, location: 2F 1-2: Foul Ball, location: 2F 1-2: Ball 2-2: Foul Ball, location: 2F 2-2: Foul Ball, location: 2F 2-2: Ball 3-2: Base on Balls Cam Flowers to third Anthony Hezell to second
|
Batting: RHB Albert Alemán
|
0-0: Called Strike 0-1: SINGLE (Line Drive, 5D) Cam Flowers scores Anthony Hezell to third Enrique Cruz to second Runner from 3rd tries for Home, SAFE, throw made home
|
Batting: RHB Miguel Costa
|
0-0: Called Strike 0-1: Swinging Strike 0-2: Strikes out swinging
|
Batting: RHB Jeff Mason
|
0-0: Ball 1-0: Swinging Strike 1-1: Ball 2-1: Foul Ball, location: 2F 2-2: Foul Ball, location: 2F 2-2: Ball 3-2: Base on Balls Enrique Cruz to third Albert Alemán to second
|
Batting: LHB Tony Rivera
|
0-0: Foul Ball, location: 2F 0-1: Ball 1-1: Ground out U3 (Groundball, 3)
|
Bottom of the 1st over - 4 run(s), 4 hit(s), 0 error(s), 3 left on base; Santa Fe 0 - Beaumont 4 |
TOP OF THE 2ND |
Santa Fe Diablos batting - Pitching for Beaumont Roughnecks : RHP Jim Fitzgerald
|
Batting: RHB Lee Price
|
0-0: Ball 1-0: Swinging Strike 1-1: Ground out 6-3 (Groundball, 6MD)
|
Batting: LHB Ricardo Ruíz
|
0-0: Called Strike 0-1: Swinging Strike 0-2: SINGLE (Groundball, 25) (infield hit)
|
Batting: LHB Don Soper
|
0-0: Called Strike 0-1: Foul Ball, location: 2F 0-2: Fly out, F6 (Popup, 6D)
|
Batting: LHB John Bond
|
0-0: Called Strike Ricardo Ruíz is caught stealing 2nd base
|
Top of the 2nd over - 0 run(s), 1 hit(s), 0 error(s), 0 left on base; Santa Fe 0 - Beaumont 4 |
BOTTOM OF THE 2ND |
Beaumont Roughnecks batting - Pitching for Santa Fe Diablos : RHP Christian Camden
|
Batting: RHB Darwin Crane
|
0-0: Ball 1-0: Foul Ball, location: 2F 1-1: SINGLE (Line Drive, 4M)
|
Batting: LHB Cam Flowers
|
0-0: Fly out, F7 (Flyball, 7LS)
|
Batting: RHB Anthony Hezell
|
0-0: Ball 1-0: Called Strike 1-1: Ball 2-1: Ball 3-1: Base on Balls Darwin Crane to second
|
Batting: LHB Bernardo Morales
|
0-0: Ball 1-0: Ball 2-0: SINGLE (Flyball, 8RS) Darwin Crane to third Anthony Hezell to second Runner from 3rd tries for Home, SAFE, no throw
|
Batting: LHB Enrique Cruz
|
0-0: Called Strike 0-1: Fly out, F4 (Popup, 34D)
|
Batting: RHB Albert Alemán
|
0-0: Called Strike 0-1: Swinging Strike 0-2: Ball 1-2: Fly out, F8 (Flyball, 8LM)
|
Bottom of the 2nd over - 1 run(s), 2 hit(s), 0 error(s), 2 left on base; Santa Fe 0 - Beaumont 5 |
TOP OF THE 3RD |
Santa Fe Diablos batting - Pitching for Beaumont Roughnecks : RHP Jim Fitzgerald
|
Batting: LHB John Bond
|
0-0: Swinging Strike 0-1: Ball 1-1: Ball 2-1: Ball 3-1: Foul Ball, location: 2F 3-2: Ground out 6-3 (Groundball, 6)
|
Batting: LHB Javier Martínez
|
0-0: Ground out 4-3 (Groundball, 4)
|
Batting: RHB Keith Jones
|
0-0: Called Strike 0-1: Ball 1-1: Ball 2-1: Ball 3-1: Ground out 1-3 (Groundball, 15S)
|
Top of the 3rd over - 0 run(s), 0 hit(s), 0 error(s), 0 left on base; Santa Fe 0 - Beaumont 5 |
BOTTOM OF THE 3RD |
Beaumont Roughnecks batting - Pitching for Santa Fe Diablos : RHP Christian Camden
|
Batting: RHB Miguel Costa
|
0-0: Ball 1-0: Ball 2-0: SINGLE (Groundball, 6MD)
|
Batting: RHB Jeff Mason
|
0-0: Ball 1-0: Ball 2-0: Ball 3-0: Called Strike 3-1: Foul Ball, location: 2F 3-2: Foul Ball, location: 2F 3-2: Fly out, F9 (Flyball, 9LMF)
|
Batting: LHB Tony Rivera
|
0-0: Ball 1-0: Swinging Strike 1-1: Ball 2-1: Called Strike 2-2: SINGLE (Groundball, 4MD) Miguel Costa to second Runner from 2nd tries for 3rd, SAFE, throw made to third
|
Batting: RHB Darwin Crane
|
0-0: Ball 1-0: Reached on error, E6 (Groundball, 6) Miguel Costa scores Tony Rivera to second
|
Batting: LHB Cam Flowers
|
0-0: Ball 1-0: Ball 2-0: Called Strike 2-1: Ball 3-1: Swinging Strike 3-2: SINGLE (Groundball, 4MD) Tony Rivera to third Darwin Crane to second Runner from 3rd tries for Home, SAFE, no throw
|
Pitching: RHP Josh Carson
|
|
Batting: RHB Anthony Hezell
|
0-0: Swinging Strike 0-1: Called Strike 0-2: Grounds into double play, 4-6-3 (Groundball, 4)
|
Bottom of the 3rd over - 2 run(s), 3 hit(s), 1 error(s), 1 left on base; Santa Fe 0 - Beaumont 7 |
TOP OF THE 4TH |
Santa Fe Diablos batting - Pitching for Beaumont Roughnecks : RHP Jim Fitzgerald
|
Batting: LHB David Hernández
|
0-0: Ball 1-0: Foul Ball, location: 2F 1-1: Ball 2-1: Ball 3-1: Base on Balls
|
Batting: RHB John Dinkins
|
0-0: Swinging Strike 0-1: Called Strike 0-2: Strikes out looking
|
Batting: SHB George Adams
|
0-0: Ball 1-0: Called Strike 1-1: Ball 2-1: Called Strike 2-2: Ball 3-2: Strikes out swinging
|
Batting: RHB Lee Price
|
0-0: Ball 1-0: Foul Ball, location: 2F 1-1: Foul Ball, location: 2F 1-2: Ball 2-2: Ball 3-2: Strikes out looking
|
Top of the 4th over - 0 run(s), 0 hit(s), 0 error(s), 1 left on base; Santa Fe 0 - Beaumont 7 |
BOTTOM OF THE 4TH |
Beaumont Roughnecks batting - Pitching for Santa Fe Diablos : RHP Josh Carson
|
Batting: LHB Bernardo Morales
|
0-0: Ball 1-0: Ball 2-0: Called Strike 2-1: Ball 3-1: Base on Balls
|
Batting: LHB Enrique Cruz
|
0-0: Called Strike 0-1: Ball 1-1: Ball 2-1: Ball 3-1: Foul Ball, location: 2F 3-2: Base on Balls Bernardo Morales to second
|
Batting: RHB Albert Alemán
|
0-0: Ball 1-0: Ball 2-0: Swinging Strike 2-1: Foul Ball, location: 2F 2-2: Ball 3-2: Base on Balls Bernardo Morales to third Enrique Cruz to second
|
Batting: RHB Miguel Costa
|
0-0: Ball 1-0: Swinging Strike 1-1: Foul Ball, location: 2F 1-2: Fly out, F8 (Flyball, 8LD) Runner from 3rd tags up, SCORES, throw made
|
Batting: RHB Jeff Mason
|
0-0: Foul Ball, location: 2F 0-1: Ball 1-1: Ball 2-1: Fly out, F7 (Flyball, 78S)
|
Batting: LHB Tony Rivera
|
0-0: Fielders Choice at 2nd, U6 (Groundball, 6M)
|
Bottom of the 4th over - 1 run(s), 0 hit(s), 0 error(s), 2 left on base; Santa Fe 0 - Beaumont 8 |
TOP OF THE 5TH |
Santa Fe Diablos batting - Pitching for Beaumont Roughnecks : RHP Jim Fitzgerald
|
Batting: LHB Ricardo Ruíz
|
0-0: Swinging Strike 0-1: Ball 1-1: Ball 2-1: Foul Ball, location: 2F 2-2: SINGLE (Line Drive, 78M)
|
Batting: LHB Don Soper
|
0-0: Foul Ball, location: 2F 0-1: Fly out, F7 (Line Drive, 78M)
|
Batting: LHB John Bond
|
0-0: Ball 1-0: Foul Ball, location: 2F 1-1: Ball 2-1: Swinging Strike 2-2: Ball 3-2: SINGLE (Groundball, 4MD) Ricardo Ruíz to second Runner from 2nd tries for 3rd, SAFE, no throw
|
Batting: LHB Javier Martínez
|
0-0: Ball 1-0: Foul Ball, location: 2F 1-1: Called Strike 1-2: Foul Ball, location: 2F 1-2: Ball 2-2: Strikes out swinging
|
Batting: RHB Keith Jones
|
0-0: Ball 1-0: Fly out, F7 (Flyball, 7)
|
Top of the 5th over - 0 run(s), 2 hit(s), 0 error(s), 2 left on base; Santa Fe 0 - Beaumont 8 |
BOTTOM OF THE 5TH |
Beaumont Roughnecks batting - Pitching for Santa Fe Diablos : RHP Josh Carson
|
Batting: RHB Darwin Crane
|
0-0: Ball 1-0: Ground out 5-3 (Groundball, 56S)
|
Batting: LHB Cam Flowers
|
0-0: Called Strike 0-1: Foul Ball, location: 2F 0-2: Ball 1-2: Ball 2-2: Ball 3-2: Foul Ball, location: 2F 3-2: SINGLE (Line Drive, 6M)
|
Batting: RHB Anthony Hezell
|
0-0: Called Strike 0-1: Hit by Pitch Cam Flowers to second
|
Batting: LHB Bernardo Morales
|
0-0: Ball 1-0: Ball 2-0: Ball 3-0: Grounds into double play, 4-6-3 (Groundball, 4)
|
Bottom of the 5th over - 0 run(s), 1 hit(s), 0 error(s), 1 left on base; Santa Fe 0 - Beaumont 8 |
TOP OF THE 6TH |
Santa Fe Diablos batting - Pitching for Beaumont Roughnecks : RHP Jim Fitzgerald
|
Batting: LHB David Hernández
|
0-0: Ball 1-0: Ball 2-0: Foul Ball, location: 2F 2-1: Fly out, F4 (Line Drive, 4M)
|
Batting: RHB John Dinkins
|
0-0: Called Strike 0-1: Hit by Pitch
|
Batting: SHB George Adams
|
0-0: Ball John Dinkins steals 2nd base 1-0: Ball 2-0: Swinging Strike 2-1: Foul Ball, location: 2F 2-2: Foul Ball, location: 2F 2-2: Ground out 6-3 (Groundball, 6M) John Dinkins to third
|
Batting: RHB Lee Price
|
0-0: DOUBLE (Line Drive, 7LM) John Dinkins scores
|
Batting: LHB Ricardo Ruíz
|
0-0: Swinging Strike 0-1: Swinging Strike 0-2: Ball 1-2: Ball 2-2: Ball 3-2: Fly out, F1 (Line Drive, 13)
|
Top of the 6th over - 1 run(s), 1 hit(s), 0 error(s), 1 left on base; Santa Fe 1 - Beaumont 8 |
BOTTOM OF THE 6TH |
Beaumont Roughnecks batting - Pitching for Santa Fe Diablos : RHP Josh Carson
|
Batting: LHB Enrique Cruz
|
0-0: Ball 1-0: Ball 2-0: Foul Ball, location: 2F 2-1: Foul Ball, location: 2F 2-2: Fly out, F9 (Flyball, 89M)
|
Batting: RHB Albert Alemán
|
0-0: Called Strike 0-1: Ball 1-1: Ball 2-1: Foul Ball, location: 2F 2-2: Foul Ball, location: 2F 2-2: Foul Ball, location: 2F 2-2: Foul Ball, location: 2F 2-2: Ball 3-2: Base on Balls
|
Pitching: LHP Daniel Draper
|
|
Batting: RHB Miguel Costa
|
0-0: Grounds into double play, 6-4-3 (Groundball, 6)
|
Bottom of the 6th over - 0 run(s), 0 hit(s), 0 error(s), 0 left on base; Santa Fe 1 - Beaumont 8 |
TOP OF THE 7TH |
Santa Fe Diablos batting - Pitching for Beaumont Roughnecks : RHP Jim Fitzgerald
|
Pitching: RHP Jesús Ortíz
|
|
Batting: LHB Don Soper
|
0-0: Called Strike 0-1: SOLO HOME RUN (Line Drive, 9D), Distance : 400 ft
|
Batting: LHB John Bond
|
0-0: SOLO HOME RUN (Line Drive, 89XD), Distance : 400 ft
|
Pitching: RHP Dave Hammond
|
|
Batting: LHB Javier Martínez
|
0-0: Called Strike 0-1: Ball 1-1: Foul Ball, location: 2F 1-2: Foul Ball, location: 2F 1-2: Strikes out swinging
|
Batting: RHB Keith Jones
|
0-0: Foul Ball, location: 2F 0-1: Ball 1-1: Foul Ball, location: 2F 1-2: Ball 2-2: Foul Ball, location: 2F 2-2: Foul Ball, location: 2F 2-2: Ball 3-2: SINGLE (Flyball, 3D)
|
Batting: LHB David Hernández
|
0-0: Foul Ball, location: 2F 0-1: Called Strike 0-2: Ball 1-2: Foul Ball, location: 2F 1-2: Ball 2-2: Foul Ball, location: 2F 2-2: Ball 3-2: Hit by Pitch Keith Jones to second
|
Batting: RHB John Dinkins
|
0-0: Fielders Choice at 2nd, 3-6 (Groundball, 34) Keith Jones to third
|
Batting: SHB George Adams
|
0-0: Called Strike 0-1: Fielders Choice at 2nd, 4-6 (Groundball, 4)
|
Top of the 7th over - 2 run(s), 3 hit(s), 0 error(s), 1 left on base; Santa Fe 3 - Beaumont 8 |
BOTTOM OF THE 7TH |
Beaumont Roughnecks batting - Pitching for Santa Fe Diablos : LHP Daniel Draper
|
Batting: RHB Jeff Mason
|
0-0: Ball 1-0: Called Strike 1-1: Ball 2-1: Ball 3-1: Swinging Strike 3-2: Base on Balls
|
Batting: LHB Tony Rivera
|
0-0: Ball 1-0: Ball 2-0: Ball 3-0: Base on Balls Jeff Mason to second
|
Batting: RHB Darwin Crane
|
0-0: Fielders Choice at 2nd, 4-6 (Groundball, 4) Jeff Mason to third
|
Batting: LHB Cam Flowers
|
0-0: Foul Ball, location: 2F 0-1: Called Strike 0-2: Ball 1-2: Ball 2-2: Fly out, F4 (Popup, 3D)
|
Batting: RHB Anthony Hezell
|
0-0: Called Strike 0-1: Called Strike 0-2: Fly out, F8 (Flyball, 8RM)
|
Bottom of the 7th over - 0 run(s), 0 hit(s), 0 error(s), 2 left on base; Santa Fe 3 - Beaumont 8 |
TOP OF THE 8TH |
Santa Fe Diablos batting - Pitching for Beaumont Roughnecks : RHP Dave Hammond
|
Batting: RHB Lee Price
|
0-0: Called Strike 0-1: Foul Ball, location: 2F 0-2: Strikes out swinging
|
Batting: LHB Ricardo Ruíz
|
0-0: Called Strike 0-1: Called Strike 0-2: Foul Ball, location: 2F 0-2: Ball 1-2: Foul Ball, location: 2F 1-2: Foul Ball, location: 2F 1-2: Ball 2-2: Ball 3-2: SINGLE (Groundball, 13) (infield hit)
|
Batting: LHB Don Soper
|
0-0: Called Strike 0-1: Foul Ball, location: 2F 0-2: Foul Ball, location: 2F 0-2: Ball 1-2: Strikes out swinging
|
Batting: LHB John Bond
|
0-0: Ball 1-0: Called Strike 1-1: Ball 2-1: Foul Ball, location: 2F 2-2: Ball 3-2: Base on Balls Ricardo Ruíz to second
|
Batting: LHB Javier Martínez
|
0-0: Called Strike 0-1: Ball 1-1: Ball 2-1: Fly out, F8 (Flyball, 8LD)
|
Top of the 8th over - 0 run(s), 1 hit(s), 0 error(s), 2 left on base; Santa Fe 3 - Beaumont 8 |
BOTTOM OF THE 8TH |
Beaumont Roughnecks batting - Pitching for Santa Fe Diablos : LHP Daniel Draper
|
Batting: LHB Bernardo Morales
|
0-0: Called Strike 0-1: Ball 1-1: Called Strike 1-2: Strikes out swinging
|
Batting: LHB Enrique Cruz
|
0-0: Foul Ball, location: 2F 0-1: Ball 1-1: Ball 2-1: Called Strike 2-2: Ball 3-2: Base on Balls
|
Batting: RHB Albert Alemán
|
0-0: Ball Wild Pitch! Enrique Cruz to second 1-0: Swinging Strike 1-1: Ground out 4-3 (Groundball, 4) Enrique Cruz to third
|
Batting: RHB Miguel Costa
|
0-0: Swinging Strike 0-1: Ball 1-1: Foul Ball, location: 2F 1-2: Foul Ball, location: 2F 1-2: Ball 2-2: Ball 3-2: Fly out, F9 (Flyball, 9LSF)
|
Bottom of the 8th over - 0 run(s), 0 hit(s), 0 error(s), 1 left on base; Santa Fe 3 - Beaumont 8 |
TOP OF THE 9TH |
Santa Fe Diablos batting - Pitching for Beaumont Roughnecks : RHP Dave Hammond
|
Pitching: LHP Artie Nelson
|
|
Batting: RHB Keith Jones
|
0-0: Ball 1-0: Ball 2-0: Ball 3-0: Called Strike 3-1: Called Strike 3-2: Base on Balls
|
Batting: LHB David Hernández
|
0-0: Ball 1-0: SINGLE (Flyball, 6MD) Keith Jones to second Runner from 2nd tries for 3rd, SAFE, throw made to third David Hernández to second
|
Batting: RHB John Dinkins
|
0-0: Ball 1-0: Called Strike 1-1: Ground out 6-3 (Groundball, 56) Keith Jones scores
|
Pitching: RHP Gustavo Rodríguez
|
|
Batting: SHB George Adams
|
0-0: Foul Ball, location: 2F 0-1: Ball 1-1: Ground out U3 (Groundball, 3) David Hernández to third
|
Batting: RHB Lee Price
|
0-0: Ball 1-0: Called Strike 1-1: Ball 2-1: Foul Ball, location: 2F 2-2: Foul Ball, location: 2F 2-2: Strikes out swinging
|
Top of the 9th over - 1 run(s), 1 hit(s), 0 error(s), 1 left on base; Santa Fe 4 - Beaumont 8 |
|